 Dungeon Crawl Stone Soup version 0.28-a0-544-g207b005307 (webtiles) character file.

Game seed: 9423319402834399827

54 Crimsonway the Grave Robber (level 3, -3/24 HPs)
             Began as a Vampire Necromancer on Sept 28, 2021.
             Was a Believer of Dithmenos.
             Killed by divine providence
             ... invoked by an orc priest
              (10 damage)
             ... on level 3 of the Dungeon.
             The game lasted 00:10:24 (1449 turns).

Crimsonway the Grave Robber (Vampire Necromancer)   Turns: 1449, Time: 00:10:25

Health: -3/24      AC:  6    Str:  7    XL:     3   Next: 66%
Magic:  3/6        EV: 12    Int: 18    God:    Dithmenos [**....]
Gold:   109        SH:  0    Dex: 14    Spells: 6/7 levels left

rFire   . . .      SeeInvis +   b - +0 trident
rCold   . . .      Faith    .   (no shield)
rNeg    . . .      Spirit   .   a - +0 robe
rPois   +          Reflect  .   (no helmet)
rElec   .          Harm     .   (no cloak)
rCorr   .          Rampage  .   (no gloves)
Will    .....                   (no boots)
Stlth   +++.......              (no amulet)
HPRegen 0.28/turn               g - ring of poison resistance
MPRegen 0.10/turn               h - +4 ring of protection

@: healing quickly, wreathed by umbra
A: alive, fangs 3, see invisible, vampiric 2
a: Exsanguinate, Renounce Religion, Shadow Step


You were on level 3 of the Dungeon.
You worshipped Dithmenos.
Dithmenos was pleased with you.
You visited 1 branch of the dungeon, and saw 3 of its levels.

You collected 109 gold pieces.

Inventory:

Hand Weapons
 b - a +0 trident (weapon)
 d - a +0 dagger
 i - a +0 whip
 k - a +0 spear
Missiles
 j - 6 boomerangs
Armour
 a - a +0 robe (worn)
Jewellery
 g - a ring of poison resistance (left hand)
 h - a +4 ring of protection (right hand)
Scrolls
 c - a scroll of noise {unknown}
 f - a scroll of identify {unknown}
Potions
 e - 2 potions of cancellation {unknown}
 l - a potion of curing {unknown}


   Skills:
 + Level 0.1 Fighting
 + Level 0.6 Polearms
 + Level 2.3 Dodging
 + Level 3.3 Stealth
 + Level 2.5 Spellcasting
 + Level 5.2 Necromancy


You had 6 spell levels left.
You knew the following spells:

 Your Spells              Type           Power      Damage    Failure   Level
a - Pain                  Necr           84%        1d8       1%          1

Your spell library contained the following spells:

 Spells                   Type           Power      Damage    Failure   Level
 Animate Skeleton         Necr           42%        N/A       1%          1
 Vampiric Draining        Necr           10%        2d7       6%          3
 Animate Dead             Necr           10%        N/A       21%         4
 Passwall                 Tmut/Erth      1%         N/A       26%         2
 Swiftness                Air            2%         N/A       45%         3
 Agony                    Necr           21%        N/A       50%         5
 Excruciating Wounds      Necr           10%        N/A       50%         5
 Invisibility             Hex            1%         N/A       100%        6
 Malign Gateway           Summ/Tloc      1%         N/A       100%        7
 Summon Horrible Things   Summ           1%         N/A       100%        8


Dungeon Overview and Level Annotations

Branches:
Dungeon (3/15)

Altars:
Dithmenos


Innate Abilities, Weirdness & Mutations

Your natural rate of healing is accelerated.
You have razor-sharp teeth.
You have supernaturally acute eyesight. (SInv)
You are afflicted with vampirism and can become a bat while bloodless.


Message History

The helpless endoplasm fails to defend itself.
You puncture the endoplasm!
You kill the endoplasm!
Dithmenos accepts your kill.
You can now step into the shadows of nearby creatures.
Okay, then.
There is a stone staircase leading up here.
You see here a rat skeleton.
There is a stone staircase leading down here.
You climb downwards.
There is a stone staircase leading up here.
An orc priest comes into view. It is wielding a +0 mace.
A rat and an orc come into view.
An orc comes into view. It is wielding a +0 dagger.
The orc priest shouts!
You hear a shout!
Aiming: Pain (safe; 1% risk of failure)
Press: ? - help, Q - select action, (/) - cycle Shift-Dir - straight line, f - orc priest
Aim: an orc priest, wielding a +0 mace and wearing a +0 ring mail (chance to affect: 80%)
The orc priest writhes in agony.
The orc shouts!
The orc shouts!
Aiming: Pain (safe; 1% risk of failure)
Press: ? - help, Q - select action, (/) - cycle Shift-Dir - straight line, f/p - orc priest
Aim: an orc priest, wielding a +0 mace and wearing a +0 ring mail (heavily wounded, chance to affect: 80%)
The orc priest writhes in agony.
An orc comes into view. It is wielding a +0 short sword.
Aiming: Pain (safe; 1% risk of failure)
Press: ? - help, Q - select action, (/) - cycle Shift-Dir - straight line, f/p - orc priest
Aim: an orc priest, wielding a +0 mace and wearing a +0 ring mail (heavily wounded, umbra, chance to affect: 80%)
The orc priest writhes in agony.
The orc priest hits you with a +0 mace.
You hit the orc priest but do no damage.
The orc priest is almost dead.
The orc priest invokes the aid of Beogh against you.
Beogh smites you!
Ouch! That really hurt!
* * * LOW HITPOINT WARNING * * *
The orc priest calls down the wrath of Beogh upon you.
Beogh smites you!
You die...

. #.# #. #.# #.
####.##### ###r##
##.#..<....#
#.....###.##.#........
.......#.....#####....
#.###.## ... #.# #.# #
#@# #.# #.o# #.# #o##
#.# #o #.# .o #.# ...
#.# ... #.# #... ...
...


You could see an orc priest and 3 orcs.

Vanquished Creatures
  An adder (D:2)
  A dart slug (D:1)
  3 worms (D:2)
  3 endoplasms
  4 giant cockroaches
  2 goblins (D:2)
  4 hobgoblins (D:1)
  3 quokkas
  3 ball pythons
  A bat (D:1)
  3 frilled lizards
  4 kobolds
  4 rats
36 creatures vanquished.

Notes
Turn   | Place    | Note
-------+----------+-------------------------------------------
     0 | D:1      | Crimsonway the Vampire Necromancer began the quest for the
                  | Orb.
     0 | D:1      | Reached XP level 1. HP: 13/13 MP: 3/3
   149 | D:1      | Reached XP level 2. HP: 19/19 MP: 3/5
   164 | D:1      | Found a faded altar of an unknown god.
   169 | D:1      | Became a worshipper of Dithmenos the Shadowed
   169 | D:1      | Reached * piety under Dithmenos
   536 | D:1      | Reached skill level 5 in Necromancy
   741 | D:2      | Gained mutation: You are afflicted with vampirism and can
                  | become a bat while bloodless. [Vampire growth]
   741 | D:2      | Reached XP level 3. HP: 17/24 MP: 3/6
  1227 | D:2      | Reached ** piety under Dithmenos
  1449 | D:3      | Killed from afar by an orc priest

Illustrated notes

Levels and vault maps discovered:
D:1:      co_arrival_square_in_a_square_in_a_square, layout_loops_ring,
          hellmonk_ecumenical_altar_heavens_door
D:2:      layout_basic, item_on_display_a
D:3:      cheibrodos_thug_alley, layout_loops_ring,
          mainiacjoe_overflow_six_doors_small, lemuel_round_altar, uniq_ijyb,
          uniq_grinder

Skill      XL: |  1  2 |
---------------+-------+-----
Necromancy     | 5 |  5.2
Fighting       | |  0.1
Polearms       | |  0.6
Dodging        | |  2.3
Stealth        | |  3.3
Spellcasting   | |  2.5

Action                   || total
-------------------------++-------
Melee: Trident           ||    72
       Bite              ||     2
 Cast: Pain              ||    37
 Stab: Sleeping          ||     5
Armor: Robe              ||    18
Dodge: Dodged            ||    56

Table legend: (Time is in decaauts)
 A = Elapsed time spent in this place.
 B = Non-inter-level travel time spent in this place.
 C = Inter-level travel time spent in this place.
 D = Time resting spent in this place.
 E = Time spent auto-exploring this place.
 F = Levels seen in this place.
 G = Mean time per level.
                   A        B        C        D        E       F      G
               +--------+--------+--------+--------+--------+-----+--------+
         Total |   1468 |    400 |   1068 |      0 |      0 |   3 |  489.3 |
       Dungeon |   1468 |    400 |   1068 |      0 |      0 |   3 |  489.3 |
               +--------+--------+--------+--------+--------+-----+--------+

Top non-repeatable levels by time:
     D:2: 775 daAuts
     D:1: 669 daAuts
     D:3: 22 daAuts
